 Dungeon Crawl Stone Soup version 0.27-a0-95-g5a9077b8ae (webtiles) character file.

Game seed: 15905009494015087680

1427 timneilson the Shield-Bearer (level 8, -1/49 HPs)
             Began as a Gargoyle Fighter on Jan 17, 2021.
             Was an Elder of Okawaru.
             Slain by an Executioner (14 damage)
             ... on level 2 of the Abyss.
             The game lasted 00:08:19 (3763 turns).

timneilson the Shield-Bearer (Gargoyle Fighter)     Turns: 3763, Time: 00:08:20

Health: -1/49      AC: 17    Str: 22    XL:     8   Next: 72%
Magic:  9/9        EV:  6    Int:  9    God:    Okawaru [****..]
Gold:   262        SH: 11    Dex:  9    Spells: 7/7 levels left

rFire    . . .     SeeInvis .   n - +0 long sword (vorpal)
rCold    . . .     Faith    .   c - +1 kite shield
rNeg     + + .     Spirit   .   m - +0 chain mail
rPois    ∞         Reflect  .   u - +0 hat
rElec    +         Harm     .   (no cloak)
rCorr    .         Rampage  .   v - +0 pair of gloves
Will     +....                  (no boots)
Stlth    ..........             (no amulet)
HPRegen  0.16/turn              h - ring of positive energy
MPRegen  0.11/turn              p - ring of willpower

@: no status effects
A: negative energy resistance 1, electricity resistance, unbreathing,
petrification resistance, miasma immunity, AC +5
a: Renounce Religion, Heroism


You were on level 2 of the Abyss.
You worshipped Okawaru.
Okawaru was greatly pleased with you.
You visited 1 branch of the dungeon, and saw 5 of its levels.
You visited the Abyss 1 time.

You collected 262 gold pieces.

Inventory:

Hand Weapons
 a - a +0 long sword
 n - a +0 vorpal long sword (weapon)
Armour
 c - a +1 kite shield (worn)
 m - a +0 chain mail (worn)
 u - a +0 hat (worn)
 v - a +0 pair of gloves (worn)
Jewellery
 h - a ring of positive energy (left hand)
 p - a ring of willpower (right hand)
Wands
 b - a wand of digging (5)
 l - a wand of iceblast (9)
Scrolls
 j - 4 scrolls of immolation
 o - a scroll of teleportation
 t - a scroll of remove curse
Potions
 d - 2 potions of lignification {unknown}
 e - 3 potions of heal wounds
 f - a potion of brilliance
 g - a potion of attraction {unknown}
 i - a potion of cancellation {unknown}
 k - 2 potions of berserk rage
 q - a potion of haste {unknown}
 r - 2 potions of degeneration {unknown}
 s - 3 potions of curing
 w - a potion of might
 x - a potion of flight {unknown}


   Skills:
 + Level 5.3 Fighting
 * Level 5.2 Long Blades
 * Level 6.7 Armour
 * Level 6.8 Shields
 + Level 1.5 Invocations
 + Level 1.1 Evocations


You had 7 spell levels left.
You didn't know any spells.
Your spell library contained the following spells:

 Spells                   Type           Power        Failure   Level
 Corona                   Hex            0%           100%        1
 Ensorcelled Hibernation  Hex/Ice        0%           100%        2
 Confusing Touch          Hex            0%           100%        3
 Dazzling Flash           Conj/Hex       0%           100%        3
 Tukima's Dance           Hex            0%           100%        3


Dungeon Overview and Level Annotations

Branches:
Dungeon (5/15)
 Temple: D:4-7

Altars:
Elyvilon
Kikubaaqudgha
Okawaru
Ru


Innate Abilities, Weirdness & Mutations

You are resistant to torment.
Your stone body is resilient. (AC +5)
You are immune to poison.
You resist negative energy. (rN+)
You are resistant to electric shocks. (rElec)
You can survive without breathing.
You are immune to petrification.
You are immune to miasma.


Message History

The ice beast is severely wounded.
The ice beast hits you but does no damage.
You hit the ice beast.
The ice beast is almost dead.
The ice beast hits you but does no damage.
You hit the ice beast.
You kill the ice beast!
Okawaru accepts your kill.
An Executioner comes into view.
The Executioner moves out of view.
The Executioner gives a hideous shriek!
Your shield and chain mail prevent you from hitting the Executioner.
The Executioner hits you but does no damage.
The Executioner hits you. You block the Executioner's attack.
The Executioner barely misses you. The Executioner hits you.
* * * LOW HITPOINT WARNING * * *
The Executioner hits you but does no damage.
Unknown command.
The Executioner hits you!
You die...

... #.#..#. # #
.... ......#
#.#.#...#...#.##
#.#..#..#....#..#
#. .. #..#.#.#.#
. .# ..
...#.#.### .
.#.#. #####..# .
#.###...#.## ##
## #.@#.# #.#1.#
#...### #.#..
#.#.. . ... .
#### ..


You could see an Executioner.

Vanquished Creatures
  A two-headed ogre (D:5)
  The ghost of wythoutpain the Vexing, an amateur OgAM (D:3)
  2 ice beasts
  A sky beast (D:5)
  An ogre (D:5)
  A bullfrog zombie (D:5)
  A jelly (D:5)
  An orc priest (D:5)
  A centaur skeleton (D:5)
  An orc wizard (D:5)
  Terence (D:2)
  2 adders (D:5)
  An ufetubus (D:5)
  An adder skeleton (D:5)
  A worm (D:2)
  A dart slug (D:5)
  2 leopard geckos (D:1)
  3 orcs (D:5)
  5 giant cockroaches
  4 goblins
  8 hobgoblins
  3 jackals (D:1)
  3 quokkas
  10 bats
  7 frilled lizards
  13 kobolds
  A quokka zombie (D:5)
  9 rats
86 creatures vanquished.

Vanquished Creatures (others)
  3 fungi (D:3)
  A plant (D:3)
4 creatures vanquished.

Grand Total: 90 creatures vanquished

Notes
Turn   | Place    | Note
-------+----------+-------------------------------------------
     0 | D:1      | timneilson the Gargoyle Fighter began the quest for the
                  | Orb.
     0 | D:1      | Reached XP level 1. HP: 14/14 MP: 1/1
   152 | D:1      | Reached XP level 2. HP: 19/19 MP: 2/2
   857 | D:1      | Reached XP level 3. HP: 23/23 MP: 3/3
  1129 | D:2      | Found a white marble altar of Elyvilon.
  1175 | D:2      | Noticed Terence
  1201 | D:2      | Killed Terence
  1444 | D:2      | Reached XP level 4. HP: 28/28 MP: 4/4
  1615 | D:2      | Found an ancient bone altar of Kikubaaqudgha.
  1903 | D:2      | Found a sacrificial altar of Ru.
  2388 | D:3      | You fall into a shaft and drop 2 floors!
  2388 | D:5      | Entered Level 5 of the Dungeon
  2388 | D:5      | Found an iron altar of Okawaru.
  2397 | D:5      | Noticed a sky beast
  2400 | D:5      | Became a worshipper of Warmaster Okawaru
  2421 | D:5      | Reached XP level 5. HP: 31/33 MP: 5/5
  2431 | D:5      | Killed a sky beast
  2434 | D:5      | Reached XP level 6. HP: 37/38 MP: 6/6
  2464 | D:5      | Reached skill level 5 in Shields
  2482 | D:5      | Reached * piety under Okawaru
  2597 | D:5      | Reached skill level 5 in Armour
  2641 | D:5      | Noticed a two-headed ogre
  2654 | D:5      | Killed a two-headed ogre
  2654 | D:5      | Reached ** piety under Okawaru
  2654 | D:5      | Reached *** piety under Okawaru
  2655 | D:5      | Reached skill level 5 in Fighting
  2655 | D:5      | Reached XP level 7. HP: 43/44 MP: 7/7
  2655 | D:5      | Reached XP level 8. HP: 48/49 MP: 8/8
  3215 | D:3      | Found a runed translucent gate.
  3216 | D:3      | Found a runed translucent gate.
  3217 | D:3      | Found a runed translucent gate.
  3220 | D:3      | Noticed wythoutpain's ghost (amateur OgAM)
  3568 | D:3      | Killed wythoutpain's ghost
  3568 | D:3      | Reached **** piety under Okawaru
  3569 | D:3      | Reached skill level 5 in Long Blades
  3569 | D:3      | Reached skill level 1 in Invocations
  3569 | D:3      | Reached skill level 1 in Evocations
  3583 | D:3      | Cast into level 1 of the Abyss (big kobold)
  3640 | Abyss:1  | Noticed a starcursed mass
  3669 | Abyss:1  | Noticed a hell hog
  3685 | Abyss:1  | Noticed a large abomination
  3692 | Abyss:1  | Noticed a large abomination
  3759 | Abyss:2  | Noticed an Executioner
  3763 | Abyss:2  | Slain by an Executioner

Illustrated notes

Levels and vault maps discovered:
D:1:      dpeg_arrival_orchard, layout_basic
D:2:      layout_loops_ring, general_overflow_altar, kiku_gazebo_pond_becter,
          elyvilon_altar_4, chequers_serial_rivers_micro_b, bh_walls_and_bars,
          uniq_terence
D:3:      layout_loops_ring, gammafunk_ghost_nasty_kobolds
D:4:      layout_gridville, xom_butterflies, serial_bayou_pond_b, fedhas_altar_1
D:5:      layout_basic, okawaru_trees_2
Abyss:2:  base:
D:2

Skill      XL: |  1  2  3  4  5  6  7  8 |
---------------+-------------------------+-----
Long Blades    | 2 3 4 5 |  5.2
Shields        | 4 6 |  6.8
Armour         | 4 6 |  6.7
Fighting       | 4 5 |  5.3
Invocations    | 1 |  1.5
Evocations     | 1 |  1.1

Action                   |  1- 3 |  4- 6 |  7- 9 || total
-------------------------+-------+-------+-------++-------
Melee: Long sword        |   132 |   121 |    82 ||   335
Invok: Heroism           |       |       |     2 ||     2
  Use: Scroll            |     2 |     4 |     5 ||    11
       Potion            |       |     3 |       ||     3
Armor: Scale mail        |    66 |    58 |       ||   124
       Chain mail        |       |     1 |    46 ||    47
Dodge: Dodged            |    58 |    37 |    23 ||   118
Block: Kite shield       |    92 |    72 |    45 ||   209
       Rpst.: Long sword |    14 |    10 |     4 ||    28

Table legend: (Time is in decaauts)
 A = Elapsed time spent in this place.
 B = Non-inter-level travel time spent in this place.
 C = Inter-level travel time spent in this place.
 D = Time resting spent in this place.
 E = Time spent auto-exploring this place.
 F = Levels seen in this place.
 G = Mean time per level.
                   A        B        C        D        E       F      G
               +--------+--------+--------+--------+--------+-----+--------+
         Total |   3872 |   3748 |    124 |    207 |   2501 |   7 |  553.1 |
       Dungeon |   3689 |   3565 |    124 |    207 |   2501 |   5 |  737.8 |
         Abyss |    182 |    182 |      0 |      0 |      0 |   2 |   91.0 |
               +--------+--------+--------+--------+--------+-----+--------+

Top non-repeatable levels by time:
     D:1: 1290 daAuts
     D:3: 831 daAuts
     D:2: 787 daAuts
     D:5: 771 daAuts
 Abyss:1: 126 daAuts
 Abyss:2: 55 daAuts
     D:4: 8 daAuts
